 Dungeon Crawl Stone Soup version 0.16.2-12-gd0ad4c3 (webtiles) character file.

548 RepoMan the Chopper (level 7, 0/57 HPs)
             Began as a Minotaur Warper on Oct 23, 2015.
             Slain by a river rat (5 damage)
             ... summoned by Eustachio
             ... on level 6 of the Dungeon.
             The game lasted 00:38:08 (5903 turns).

RepoMan the Chopper (Minotaur Warper)               Turns: 5903, Time: 00:38:08

Health: 0/57       AC:  5    Str: 16    XL:     7   Next: 7%
Magic:  11/13      EV: 11    Int: 12    God:
Gold:   221        SH:  0    Dex:  9    Spells: 4 memorised, 6 levels left

rFire  . . .     SeeInvis .     B - +0 war axe
rCold  . . .     Clarity  .     b - +0 leather armour
rNeg   . . .     SustAb   .     (no shield)
rPois  .         Gourm    .     (helmet restricted)
rElec  .         Spirit   .     (no cloak)
rCorr  .         Warding  .     k - +0 pair of gloves
rMut   +         Stasis   .     y - +0 pair of boots (curse)
MR     .....                    x - amulet of resist mutation
Stlth  +.........               (no ring)
                                (no ring)

@: heavily drained, not resistant to hostile enchantments, very unstealthy
A: retaliatory headbutt, horns 2
a: no special abilities


You were on level 6 of the Dungeon.
You were hungry.

You visited 1 branch of the dungeon, and saw 6 of its levels.

You collected 221 gold pieces.

Inventory:

Hand weapons
 a - a +0 hand axe
 B - a +0 war axe (weapon)
Missiles
 e - 16 bolts
 w - 2 tomahawks (quivered)
 D - 6 bolts of penetration
Armour
 b - a +0 leather armour (worn)
 k - a +0 pair of gloves (worn)
 y - a cursed +0 pair of boots (worn)
Jewellery
 d - an uncursed ring of protection from fire {unknown}
 x - an amulet of resist mutation (around neck)
Magical devices
 m - a wand of hasting (0)
 A - a wand of frost (35)
Scrolls
 g - a scroll of random uselessness {unknown}
 h - 2 scrolls of fear {unknown}
 i - 3 scrolls of amnesia {unknown}
 l - 3 scrolls of identify
 n - 2 scrolls of remove curse {unknown}
 o - a scroll of fog {unknown}
 q - a scroll of torment {unknown}
 r - 2 scrolls of noise {unknown}
 s - 2 scrolls of enchant armour {unknown}
 u - a scroll of teleportation {unknown}
Potions
 p - a potion of restore abilities
 G - a potion of flight
Books
 c - a book of Spatial Translocations

   Spells                             Type                      Level
   a - Apportation                    Translocation                1
   b - Blink                          Translocation                2
   c - Shroud of Golubria             Charms/Translocation         2
   d - Portal Projectile              Translocation                3
   e - Teleport Other                 Translocation                3
   f - Passage of Golubria            Translocation                4
 E - a book of Clouds

   Spells                             Type                      Level
   a - Mephitic Cloud                 Conjuration/Poison/Air       3
   b - Conjure Flame                  Conjuration/Fire             3
   c - Poisonous Cloud                Conjuration/Poison/Air       6
   d - Freezing Cloud                 Conjuration/Ice/Air          6
   e - Ring of Flames                 Charms/Fire                  7
Comestibles
 f - 2 bread rations
 j - 3 fruits
 v - 3 meat rations
 z - 2 beef jerkies


   Skills:
 + Level 3.2(1.6) Fighting
 * Level 7.8(6.1) Axes
 - Level 1.0(0.0) Throwing
 + Level 2.4(0.9) Armour
 + Level 3.1(1.5) Dodging
 + Level 4.1(2.5) Spellcasting
 + Level 0.5(0.0) Charms
 + Level 4.9(3.3) Translocations


You had 6 spell levels left.
You knew the following spells:

 Your Spells              Type           Power        Failure   Level  Hunger
a - Apportation           Tloc           #.........   12%         1    #......
b - Blink                 Tloc           N/A          14%         2    ###....
c - Shroud of Golubria    Chrm/Tloc      #.........   28%         2    ###....
o - Teleport Other        Tloc           #.......     30%         3    ###....


Dungeon Overview and Level Annotations

Branches:
Dungeon (6/15)
 Temple: D:4-7

Altars:
Elyvilon
Ru
Xom
The Shining One

Annotations:
D:5 Prince Ribbit
D:6 Eustachio


Innate Abilities, Weirdness & Mutations

You reflexively headbutt those who attack you in melee.
You have a pair of horns on your head.


Message History

You hit the river rat. Your headbutt misses the river rat.
The river rat is lightly wounded.
The river rat closely misses you.
You closely miss the river rat. You headbutt the river rat.
The river rat is severely wounded.
The river rat bites you.
* * * LOW HITPOINT WARNING * * *
You hit the river rat but do no damage.
The river rat is severely wounded.
The river rat bites you.
* * * LOW HITPOINT WARNING * * *
The river rat barely misses you.
Casting: Teleport Other
Confirm with . or Enter, or press ? or * to list all spells.
You blink.
The white imp gestures at you. The puff of frost misses you.
The white imp disappears in a puff of smoke!
The river rat bites you.
You die...

#.# #.# #### #.#
..... #.# ......
#.##########.....
#.................
#####.......#####
#.......#
#.....r@#
#.......#
###'##### #....#
###)...# #.'<...#
#.#....##
#)[.....#
#[##....#


You could see a river rat.

Vanquished Creatures
  2 ice beasts (D:5)
  An ogre (D:5)
  An orc wizard (D:6)
  2 worker ants
  Jessica (D:2)
  5 adders
  2 river rats (D:6)
  2 shadow imps (D:5)
  2 worms (D:2)
  3 giant geckos
  2 oozes (D:2)
  11 orcs
  7 bats
  15 goblins
  7 hobgoblins
  3 jackals (D:3)
  2 ball pythons
  5 giant cockroaches
  2 giant newts
  3 kobolds
  4 quokkas
  9 rats
91 creatures vanquished.

Notes
Turn   | Place    | Note
--------------------------------------------------------------
     0 | D:1      | RepoMan, the Minotaur Warper, began the quest for the Orb.
     0 | D:1      | Reached XP level 1. HP: 18/18 MP: 2/2
   273 | D:1      | Reached XP level 2. HP: 25/25 MP: 2/2
   278 | D:1      | Learned a level 2 spell: Blink
   408 | D:1      | Reached skill level 3 in Axes
   909 | D:2      | Noticed Jessica
   914 | D:2      | Reached skill level 7 in Axes
   914 | D:2      | Reached XP level 3. HP: 10/30 MP: 2/7
   915 | D:2      | Killed Jessica
   915 | D:2      | Reached XP level 4. HP: 6/37 MP: 2/8
   924 | D:2      | Learned a level 2 spell: Shroud of Golubria
   928 | D:2      | Learned a level 3 spell: Teleport Other
  2407 | D:3      | Reached XP level 5. HP: 42/42 MP: 7/10
  3221 | D:4      | Found a glowing golden altar of the Shining One.
  4140 | D:5      | Entered Level 5 of the Dungeon
  4202 | D:5      | Found a sacrificial altar of Ru.
  4246 | D:5      | Found a white marble altar of Elyvilon.
  4253 | D:5      | Found a shimmering altar of Xom.
  4639 | D:5      | Noticed an ice beast
  4711 | D:5      | Killed an ice beast
  4711 | D:5      | Reached XP level 6. HP: 50/50 MP: 12/12
  4820 | D:5      | Noticed an ogre
  4821 | D:5      | Noticed an ice beast
  4849 | D:5      | Killed an ice beast
  4852 | D:5      | Killed an ogre
  5448 | D:6      | Reached XP level 7. HP: 54/57 MP: 13/13
  5470 | D:6      | Noticed Prince Ribbit
  5867 | D:6      | Noticed Eustachio
  5889 | D:6      | HP: 2/57 [river rat[Eustachio] (6)]
  5903 | D:6      | Slain by a river rat

Action                   |  1- 3 |  4- 6 |  7- 9 || total
-------------------------+-------+-------+-------++-------
Melee: Hand axe          |    62 |   145 |       ||   207
       War axe           |       |    86 |    43 ||   129
Throw: Tomahawk          |       |     8 |     3 ||    11
 Cast: Shroud of Golubri |       |    10 |     1 ||    11
       Apportation       |       |     4 |     1 ||     5
       Blink             |       |       |     5 ||     5
       Teleport Other    |       |       |     3 ||     3
Evoke: Wand              |       |     1 |     1 ||     2
  Use: Potion            |     1 |     2 |     1 ||     4
       Scroll            |       |     5 |     1 ||     6
  Eat: Chunk             |       |    13 |     2 ||    15
       Fruit             |       |     2 |       ||     2
